 Dungeon Crawl Stone Soup version 0.25-a0-51-gc466198 (webtiles) character file.

Game seed: 14600313719170678509, levelgen mode: deterministic

521 qdestroyer the Chopper (level 7, -2/61 HPs)
             Began as a Minotaur Berserker on Oct 24, 2019.
             Was an Elder of Trog.
             Splashed by Ijyb's acid (14 damage)
             ... on level 3 of the Dungeon.
             The game lasted 00:05:46 (1764 turns).

qdestroyer the Chopper (Minotaur Berserker)         Turns: 1764, Time: 00:05:46

Health: -2/61      AC:  4    Str: 24    XL:     7   Next: 1%
Magic:  6/6        EV:  8    Int:  4    God:    Trog [****..]
Gold:   93         SH:  0    Dex:  9    Spells: 6/6 levels left

rFire    . . .     SeeInvis .   d - +1 spear (flame)
rCold    . . .     Gourm    .   (no shield)
rNeg     . . .     Faith    .   h - +0 plate armour
rPois    .         Spirit   .   (helmet restricted)
rElec    .         Reflect  .   (no cloak)
rCorr    .         Harm     .   (no gloves)
MR       .....                  (no boots)
Stlth    ..........             (no amulet)
HPRegen  0.20/turn              (no ring)
MPRegen  0.10/turn              (no ring)

@: corroded
A: retaliatory headbutt, horns 2
a: Berserk, Trog's Hand, Brothers in Arms, Renounce Religion


You were on level 3 of the Dungeon.
You worshipped Trog.
Trog was greatly pleased with you.
You were not hungry.

You visited 1 branch of the dungeon, and saw 3 of its levels.
You also visited: Sewer.

You collected 93 gold pieces.

Inventory:

Hand Weapons
 d - a +1 spear of flaming (weapon)
Armour
 h - a +0 plate armour (worn)
Scrolls
 a - a scroll of blinking {unknown}
 b - a scroll of fog
 e - 4 scrolls of magic mapping
 g - a scroll of teleportation
Potions
 f - 5 potions of curing
 j - a potion of brilliance {unknown}
 k - 3 potions of magic {unknown}
 l - a potion of might {unknown}
Comestibles
 c - 5 rations


   Skills:
 + Level 5.4 Fighting
   Level 5.8(6.2) Axes
 + Level 3.0(4.8) Polearms
 + Level 5.1 Armour
 + Level 3.2 Dodging
 + Level 0.1 Stealth


You had 6 spell levels left.
You didn't know any spells.
Your spell library was empty.

Dungeon Overview and Level Annotations

Branches:
Dungeon (3/15)              Sewer (visited)

Altars:

Annotations:
D:3 Ijyb


Innate Abilities, Weirdness & Mutations

You reflexively headbutt those who attack you in melee.
You have a pair of horns on your head.


Message History

The acid corrodes the goblin!
The goblin dies!
The bolt of acid misses you.
Ijyb zaps a wand.
The bolt of acid hits the giant cockroach!
The giant cockroach is splashed with acid.
The acid corrodes the giant cockroach!
The giant cockroach dies!
The bolt of acid hits you! The acid corrodes you!
You are splashed with acid!
Things that are here:
a +0 club; a goblin corpse You hit Ijyb but do no damage.
Your headbutt misses Ijyb.
Ijyb zaps a wand.
The bolt of acid hits you!
You are splashed with acid!
* * * LOW HITPOINT WARNING * * *
You are too injured to fight recklessly!
You are too injured to fight recklessly!
Ijyb zaps a wand.
The bolt of acid hits you.
* * * LOW HITPOINT WARNING * * *
The acid corrodes you!
You are splashed with acid!
You die...

#.#.#.#.#.#.#.#.#
##.#.#.#.#.#.#.#.
#.#.#.#.#.#.#.#.#
##.#.#.#.#.#.#.#.
#.#.#+#.#.#...#.#
##.#.............
###.#####.#'......#≈..#..
......g).#.#......≈≈≈≈≈..
......##@###....#≈≈≈≈≈≈≈#
..... #.# #.....≈≈≈≈≈≈≈.
.... #.# #.....≈≈≈.≈≈≈.
... #.# #....≈≈†≈≈≈≈≈. ..
#.# #....#≈≈≈≈≈≈≈# . #.#
......≈≈≈≈≈.. #.#
###).#..≈#.. #.#
##........ ####.....


You could see Ijyb.

Vanquished Creatures
  An orc warrior (D:2)
  2 bullfrogs (Sewer)
  An orc priest (D:2)
  An orc wizard (D:2)
  4 gnolls (D:2)
  7 river rats (Sewer)
  4 adders
  4 oozes
  A leopard gecko (D:1)
  An orc (D:2)
  14 ball pythons
  3 giant cockroaches
  5 goblins
  6 hobgoblins
  8 jackals
  8 bats
  7 frilled lizards
  8 kobolds
  29 rats
114 creatures vanquished.

Vanquished Creatures (others)
  A giant cockroach (D:3)
  A goblin (D:3)
2 creatures vanquished.

Grand Total: 116 creatures vanquished

Notes
Turn   | Place    | Note
-------+----------+-------------------------------------------
     0 | D:1      | qdestroyer the Minotaur Berserker began the quest for the
                  | Orb.
     0 | D:1      | Reached XP level 1. HP: 19/19 MP: 0/0
    95 | D:1      | Reached XP level 2. HP: 26/27 MP: 1/1
   245 | D:1      | Reached ** piety under Trog
   402 | D:1      | Reached XP level 3. HP: 32/33 MP: 2/2
   960 | D:2      | Noticed an orc warrior
   967 | D:2      | Reached XP level 4. HP: 28/41 MP: 3/3
   969 | D:2      | Killed an orc warrior
   969 | D:2      | Reached skill level 5 in Axes
   969 | D:2      | Reached XP level 5. HP: 47/47 MP: 4/4
  1096 | D:2      | Reached skill level 1 in Polearms
  1204 | D:3      | Found a glowing drain.
  1223 | D:3      | Reached *** piety under Trog
  1226 | D:3      | Reached skill level 5 in Fighting
  1232 | D:3      | Reached XP level 6. HP: 51/56 MP: 5/5
  1261 | Sewer    | Entered a sewer
  1564 | Sewer    | Reached **** piety under Trog
  1579 | Sewer    | Reached skill level 5 in Armour
  1581 | Sewer    | Reached XP level 7. HP: 35/61 MP: 6/6
  1758 | D:3      | Noticed Ijyb
  1764 | D:3      | Splashed by Ijyb's acid

Levels and vault maps discovered:
D:1:      lightli_arrival_flooded_house, layout_loops_ring
D:2:      layout_loops_ring, first_ration
D:3:      layout_basic, cheibrodos_sewer_entry_drain, uniq_ijyb

Skill      XL: |  1  2  3  4  5  6 |
---------------+-------------------+-----
Fighting       | 4 5 |  5.4
Axes           | 4 5 |  5.8
Armour         | 3 4 5 |  5.1
Dodging        | 3 |  3.2
Polearms       | 1 3 |  3.0
Stealth        | |  0.1

Action                   |  1- 3 |  4- 6 |  7- 9 || total
-------------------------+-------+-------+-------++-------
Melee: Hand axe          |    71 |       |       ||    71
       Headbutt          |    14 |    22 |       ||    36
       Spear             |    20 |   156 |     8 ||   184
Invok: Berserk           |       |     1 |       ||     1
  Use: Scroll            |     3 |     3 |     1 ||     7
  Eat: Chunk             |       |     3 |     1 ||     4
Armor: Animal skin       |     9 |       |       ||     9
       Ring mail         |    29 |     1 |       ||    30
       Plate armour      |       |   123 |     2 ||   125
Dodge: Dodged            |    54 |    77 |     2 ||   133

Table legend:
 A = Non-vault XP
 B = Vault XP
 C = Vault XP percentage of total XP
 D = Non-vault monster count
 E = Vault monster count
 F = Vault count percentage of total count
                 A         B        C        D         E       F
            +---------+---------+-------+---------+---------+-------
      Total |     378 |     367 |  49.3 |      63 |      51 |  44.7
            +---------+---------+-------+---------+---------+-------
        D:1 |      42 |       0 |   0.0 |      26 |       0 |   0.0
        D:2 |     321 |       0 |   0.0 |      29 |       0 |   0.0
        D:3 |      15 |       4 |  21.1 |       8 |       3 |  27.3
      Sewer |       0 |     363 | 100.0 |       0 |      48 | 100.0
            +---------+---------+-------+---------+---------+-------
